 Dungeon Crawl Stone Soup version 0.19.0-24-gb05acd6 (webtiles) character file.

168 Rrauwl the Shooter (level 5, 0/34 HPs)
             Began as a High Elf Hunter on Nov 23, 2016.
             Slain by a gnoll
             ... wielding a +0 halberd
              (1 damage)
             ... on level 2 of the Dungeon.
             The game lasted 00:11:06 (1684 turns).

Rrauwl the Shooter (High Elf Hunter)                Turns: 1684, Time: 00:11:07

Health: 0/34       AC:  4    Str: 12    XL:     5   Next: 23%
Magic:  6/6        EV: 13    Int: 15    God:
Gold:   88         SH:  0    Dex: 15    Spells: 0 memorised, 4 levels left

rFire  . . .     SeeInvis .     a - +1 shortbow
rCold  + . .     Gourm    .     c - +1 leather armour
rNeg   . . .     Faith    .     (shield currently unavailable)
rPois  .         Spirit   .     (no helmet)
rElec  .         Reflect  .     (no cloak)
rCorr  .         Harm     .     (no gloves)
MR     .....                    (no boots)
Stlth  ++........               (no amulet)
                                g - ring of wizardry
                                i - ring of protection from cold

@: no status effects
A: no striking features
a: no special abilities


You were on level 2 of the Dungeon.
You were not hungry.

You visited 1 branch of the dungeon, and saw 2 of its levels.

You collected 88 gold pieces.

Inventory:

Hand Weapons
 a - a +1 shortbow (weapon)
 b - a +0 short sword
Missiles
 d - 35 arrows (quivered)
Armour
 c - a +1 leather armour (worn)
Jewellery
 g - a ring of wizardry (right hand)
 i - a ring of protection from cold (left hand)
Scrolls
 e - 4 scrolls of identify
 l - a scroll of magic mapping
Potions
 j - a potion of haste
Comestibles
 f - 2 bread rations
 h - a royal jelly
 k - a meat ration


   Skills:
 - Level 2.0 Fighting
 + Level 3.3 Short Blades
 + Level 6.7 Bows
 + Level 3.7 Dodging
 - Level 1.1 Stealth


You had 4 spell levels left.
You didn't know any spells.

Dungeon Overview and Level Annotations

Branches:
Dungeon (2/15)

Altars:
Cheibriados
Kikubaaqudgha


Message History

Aim: a gnoll (severely wounded)
You shoot an arrow. The arrow hits the gnoll.
The gnoll is almost dead.
The gnoll hits you from afar with a halberd.
* * * LOW HITPOINT WARNING * * *
The gnoll hits you.
* * * LOW HITPOINT WARNING * * *
Firing (i - inventory):
d - 37 arrows (quivered)
Press: ? - help, Shift-Dir - straight line, f/p - gnoll
Aim: a gnoll (almost dead)
You shoot an arrow. The arrow hits the gnoll!
You kill the gnoll!
The gnoll completely misses you.
Firing (i - inventory):
d - 36 arrows (quivered)
Press: ? - help, Shift-Dir - straight line, f - gnoll
Aim: a gnoll, wielding a halberd (moderately wounded)
You shoot an arrow. The arrow hits the gnoll.
The gnoll is heavily wounded.
The gnoll hits you from afar with a halberd.
You die...

#####.#.#.##...........#.##.##
.## ..#.#.##......#....#.....#
..# #.#.#.##...##....#.#######
.⌠# #.#.#.##...#.........
_.###.#.#.##...#..######.#
.⌠#...#.#..#...#.......#.#
..#...>....)...#.#####.#
.##......#.#.#.#.#####.#
#####.##.#.#.#.#@(g(((.( #
#..#.#.#.#.#.#####.# ##
##.#...#.#.#.. .#
#.##..#.#.#.## .#
#..#..#.#.#.#
.######.##.#.#.#.#
.........#...#.#.#
...............#.#
..........#.####


You could see a gnoll.

Vanquished Creatures
  2 vampire bats (D:2)
  3 gnolls (D:2)
  An adder (D:2)
  3 dart slugs (D:1)
  A ball python (D:1)
  3 bats (D:1)
  2 bat skeletons (D:2)
  3 bat zombies (D:2)
  A giant cockroach (D:1)
  5 goblins
  3 hobgoblins
  2 jackals (D:2)
  4 kobolds
  A quokka (D:2)
  2 frilled lizards
  10 rats
46 creatures vanquished.

Notes
Turn   | Place    | Note
-------+----------+-------------------------------------------
     0 | D:1      | Rrauwl the High Elf Hunter began the quest for the Orb.
     0 | D:1      | Reached XP level 1. HP: 14/14 MP: 2/2
   276 | D:1      | Reached XP level 2. HP: 19/19 MP: 3/3
   326 | D:1      | Reached skill level 1 in Short Blades
   930 | D:1      | Reached XP level 3. HP: 24/24 MP: 4/4
  1061 | D:2      | Found a snail-covered altar of Cheibriados.
  1375 | D:2      | Found an ancient bone altar of Kikubaaqudgha.
  1381 | D:2      | Reached skill level 6 in Bows
  1381 | D:2      | Reached XP level 4. HP: 21/29 MP: 5/5
  1615 | D:2      | Reached XP level 5. HP: 34/34 MP: 6/6
  1682 | D:2      | HP: 1/34 [gnoll (6)]
  1684 | D:2      | Slain by a gnoll

Skill      XL: |  1  2  3  4 |
---------------+-------------+-----
Short Blades   | 1 2 3 |  3.3
Dodging        | 3 |  3.7
Bows           | 6 |  6.7
Fighting       | |  2.0
Stealth        | |  1.1

Action                   |  1- 3 |  4- 6 || total
-------------------------+-------+-------++-------
 Fire: Shortbow          |   106 |    28 ||   134
  Use: Scroll            |     8 |     1 ||     9
       Potion            |     1 |     1 ||     2
  Eat: Royal jelly       |     1 |       ||     1
Armor: Leather armour    |    26 |     3 ||    29
Dodge: Dodged            |    52 |     7 ||    59
